 Dungeon Crawl Stone Soup version 0.23-a0-350-g6fd5563 (webtiles) character file.

57438 tilp the Impaler (level 14, -7/110 HPs)
             Began as a Merfolk Ice Elementalist on Oct 19, 2018.
             Was an Elder of Makhleb.
             Killed from afar by a storm dragon (9 damage)
             ... with a bolt of lightning
             ... on level 11 of the Dungeon on Oct 20, 2018.
             The game lasted 01:36:37 (26602 turns).

tilp the Impaler (Merfolk Ice Elementalist)        Turns: 26602, Time: 01:36:37

Health: -7/110     AC: 23    Str:  8    XL:     14   Next: 86%
Magic:  6/28       EV: 17    Int: 21    God:    Makhleb [****..]
Gold:   1186       SH:  2    Dex: 14    Spells: 17/33 levels left

rFire    + + .     SeeInvis .   a - +0 trident (elec)
rCold    + + +     Gourm    .   (no shield)
rNeg     . . .     Faith    .   w - +1 robe {MR+}
rPois    +         Spirit   .   m - +2 helmet
rElec    +         Reflect  +   g - +2 cloak
rCorr    +         Harm     .   M - +1 pair of gloves
MR       ++...                  L - +2 pair of boots
Stlth    ++........             f - +2 amulet of reflection
HPRegen  0.28/turn              e - ring of protection from fire
MPRegen  0.21/turn              p - ring "Joseague" {rPois rC+++ Str-2 Int+3}

@: icy armour, about to teleport, resistant
A: change form in water, swift swim, stealthy swim
a: Minor Destruction, Lesser Servant of Makhleb, Major Destruction, Renounce
Religion


You were on level 11 of the Dungeon.
You worshipped Makhleb.
Makhleb was greatly pleased with you.
You were not hungry.

You visited 3 branches of the dungeon, and saw 18 of its levels.
You also visited: Labyrinth, Sewer and Ossuary.

You collected 1375 gold pieces.
You spent 189 gold pieces at shops.

Inventory:

Hand Weapons
 a - a +0 trident of electrocution (weapon)
 o - a +0 halberd
 y - the cursed +1 trident "Zaggiaj" {pierce, rPois rC++ MR+ Str-4}
   (You found it on level 5 of the Dungeon)

   It inflicts extra damage upon your enemies.
   It affects your strength (-4).
   It greatly protects you from cold.
   It protects you from poison.
   It affects your resistance to hostile enchantments.
   It has a curse placed upon it.
 G - a +0 halberd of chopping
Missiles
 S - 18 steel javelins (quivered)
Armour
 b - +0 acid dragon scales
 g - a +2 cloak (worn)
 m - a +2 helmet (worn)
 w - a +1 robe of magic resistance (worn)
 L - a +2 pair of boots (worn)
 M - a +1 pair of gloves (worn)
 Q - a +3 leather armour of positive energy
 V - the +8 chain mail of Rotation {SInv}
   (You found it in a labyrinth)

   It lets you see invisible.
Jewellery
 e - a ring of protection from fire (left hand)
 f - a +2 amulet of reflection (around neck)
 p - the ring "Joseague" (right hand) {rPois rC+++ Str-2 Int+3}
   (You found it on level 6 of the Lair of Beasts)

   [ring of poison resistance]

   It affects your strength (-2).
   It affects your intelligence (+3).
   It renders you almost immune to cold.
   It protects you from poison.
 v - an uncursed ring of stealth
 R - an uncursed ring of protection from magic
 T - an uncursed ring of resist corrosion
Wands
 B - a wand of acid (7)
 K - a wand of clouds (2)
 O - a wand of paralysis (14)
 U - a wand of enslavement (14)
 Y - a wand of digging (18)
 Z - a wand of disintegration (10)
Scrolls
 d - 3 scrolls of fog
 h - 13 scrolls of remove curse
 k - 10 scrolls of teleportation
 u - 5 scrolls of fear
 C - 2 scrolls of brand weapon
 D - 5 scrolls of identify
 H - 2 scrolls of enchant weapon
 J - 2 scrolls of amnesia
 X - 2 scrolls of magic mapping
Potions
 j - 5 potions of curing
 l - 2 potions of might
 n - 3 potions of ambrosia
 q - 4 potions of flight
 s - 2 potions of berserk rage
 t - 4 potions of magic
 x - a potion of cancellation
 z - 3 potions of lignification
 A - 8 potions of brilliance
 F - 2 potions of haste
 I - 2 potions of mutation
 N - a potion of resistance
Miscellaneous
 P - a lamp of fire (inert)
 W - a sack of spiders
Comestibles
 c - 25 rations
 i - 16 chunks of flesh


   Skills:
 + Level 10.0 Fighting
 - Level 16.0 Polearms
 + Level 8.0 Dodging
 - Level 2.1 Stealth
 - Level 10.0 Spellcasting
 + Level 2.0 Conjurations
 + Level 0.1 Hexes
 - Level 8.1 Charms
 - Level 12.0 Ice Magic
 + Level 6.1 Invocations
 - Level 10.0 Evocations


You had 17 spell levels left.
You knew the following spells:

 Your Spells              Type           Power        Failure   Level  Hunger
a - Freeze                Ice            ####         1%          1    None
b - Throw Frost           Conj/Ice       #####.       1%          2    None
c - Ozocubu's Armour      Chrm/Ice       ######..     1%          3    None
d - Throw Icicle          Conj/Ice       #####...     3%          4    ##.....
e - Regeneration          Chrm/Necr      ####......   3%          3    None
f - Spectral Weapon       Hex/Chrm       ####....     3%          3    None

Your spell library contained the following spells:

 Spells                   Type           Power        Failure   Level  Hunger
 Ensorcelled Hibernation  Hex/Ice        #####.       1%          2    None
 Shroud of Golubria       Chrm/Tloc      ####......   1%          2    None
 Song of Slaying          Chrm           #####...     1%          2    None
 Swiftness                Chrm/Air       ####....     1%          2    None
 Summon Ice Beast         Ice/Summ       #####...     5%          4    ##.....
 Animate Skeleton         Necr           N/A          6%          1    None
 Corona                   Hex            ##.....      6%          1    None
 Pain                     Necr           ##..         6%          1    None
 Summon Butterflies       Summ           ##......     6%          1    None
 Dazzling Spray           Conj/Hex       ###...       12%         3    None
 Call Canine Familiar     Summ           ##......     19%         3    None
 Confuse                  Hex            ##......     19%         3    None
 Ignite Poison            Fire/Tmut/Pois ##......     19%         3    None
 Tukima's Dance           Hex            ##......     19%         3    None
 Vampiric Draining        Necr           ##........   19%         3    None
 Animate Dead             Necr           N/A          54%         4    ##.....
 Fireball                 Conj/Fire      ##........   75%         5    ####...
 Summon Mana Viper        Hex/Summ       ##......     87%         5    ####...
 Bolt of Fire             Conj/Fire      ##........   100%        6    ######.
 Poison Arrow             Conj/Pois      ##........   100%        6    ######.
 Ring of Flames           Chrm/Fire      ####......   100%        7    #######
 Summon Hydra             Summ           ##........   100%        7    #######
 Chain Lightning          Conj/Air       ##........   100%        8    #######
 Ignition                 Fire           ##........   100%        8    #######
 Lehudib's Crystal Spear  Conj/Erth      ##........   100%        8    #######
 Fire Storm               Conj/Fire      ##........   100%        9    #######
 Glaciate                 Conj/Ice       #####.....   100%        9    #######


Dungeon Overview and Level Annotations

Branches:
Dungeon (11/15)            Temple (1/1) D:6            Lair (6/6) D:10
  Swamp (0/4) Lair:3       Spider (0/4) Lair:4        Slime (0/5) Lair:6
    Orc (0/2) D:11

Altars:
Ashenzari
Cheibriados
Dithmenos
Elyvilon
Fedhas
Gozag
Hepliaklqana
Kikubaaqudgha
Makhleb
Nemelex Xobeh
Okawaru
Qazlal
Ru
Sif Muna
Trog
Uskayaw
Vehumet
Wu Jian
Xom
Yredelemnul
Zin
The Shining One
Beogh

Shops:
D:5 *   D:6 *

Annotations:
D:7 2 transporters, Harold
D:8 exclusion: two-headed ogre
D:11 Fannar


Message History

You draw out your weapon's spirit!
The storm dragon bites you. The storm dragon misses you.
The storm dragon tramples you!
You stumble backwards!
Some of the chunks of flesh in your inventory have rotted away.
Okay, then.
As you read the scroll of teleportation, it crumbles to dust.
You feel strangely unstable.
The storm dragon breathes lightning at you.
The bolt of lightning hits you!
* * * LOW HITPOINT WARNING * * *
The bolt of lightning misses you.
The bolt of lightning misses the storm dragon.
The bolt of lightning hits your spectral weapon.
Your spectral weapon resists.
Your spectral weapon shares its damage with you!
* * * LOW HITPOINT WARNING * * *
You feel protected.
The storm dragon breathes lightning at you.
The bolt of lightning hits you! You resist.
You die...

.##8...8.............#....#......
.##..#...###.........#....#......
. ##...)..#....(..#....#..#...
...###......#########..#... .
..8.........(# #..#... ...
....#.......# #..#... #.
..#...#..(.(# #### #..#...
...?...#((..# .....#..#...
....#.)†D@.# .....#..#### .
#..).)#### #....#...... .#
#.##).# ............ ).# .. #...#
............ .). ::.....#.# #..#
). [(.##.(..# #..# . $ #.#....
#.<# #..#... #..# # #.... #..#


You could see a storm dragon and a friendly spectral trident of electrocution.

Vanquished Creatures
  A minotaur (Lab)
  7 hydras
  4 catoblepae
  3 two-headed ogres
  13 death yaks
  Nergalle (Lair:1)
  A glowing orange brain (D:11)
  Pikel (D:9)
  A harpy (shapeshifter) (D:11)
  3 manticores (Lair:6)
  An ugly thing (D:11)
  3 elephants (Lair:3)
  2 cyclopes
  4 black mambas
  The ghost of Soeti the Ruffian, a novice VSMo of Uskayaw (D:4)
  A gargoyle (D:11)
  Joseph (D:7)
  6 spiny frogs
  A freezing wraith (D:11)
  7 komodo dragons
  7 trolls
  2 polar bears
  A slime creature (Lair:6)
  14 hippogriffs
  13 blink frogs
  A shadow (D:11)
  Sigmund (D:2)
  Eustachio (D:6)
  7 wraiths
  32 yaks
  3 wyverns
  3 basilisks
  5 hungry ghosts
  Menkaure (D:6)
  2 acid dragons (D:11)
  8 water moccasins
  Duvessa (D:6)
  5 porcupines
  3 ice beasts
  4 slaves (D:8)
  2 sky beasts
  4 orc warriors
  3 black bears
  An eye of draining (D:11)
  5 necrophages
  3 ogres
  2 phantoms
  4 boggarts (Lair:4)
  9 wolves
  A centaur (D:5)
  5 crocodiles
  4 big kobolds
  15 bullfrogs
  2 elf zombies (Ossuary)
  Dowan (D:6)
  3 scorpions
  An electric eel (D:10)
  4 wights (D:11)
  3 howler monkeys
  5 crimson imps
  4 lava snakes (Lab)
  3 human zombies (Ossuary)
  4 centaur zombies
  7 hounds
  4 jellies
  3 bullfrog skeletons
  3 centaur skeletons
  8 orc priests
  15 orc wizards
  5 iguanas
  10 worker ants
  A killer bee zombie (D:10)
  2 hound zombies
  Robin (D:2)
  2 mummies (Ossuary)
  A howler monkey skeleton (D:4)
  13 adders
  A shadow imp (D:8)
  A worker ant simulacrum (D:9)
  2 ufetubi
  2 oozes (Sewer)
  5 worms
  2 adder skeletons
  An adder simulacrum (D:9)
  7 leopard geckos
  32 orcs
  5 ball pythons
  6 giant cockroaches
  9 hobgoblins
  20 jackals
  25 kobolds
  3 quokkas
  6 bats
  7 frilled lizards
  11 goblins
  8 hobgoblin zombies (Ossuary)
  A jackal skeleton (D:8)
  A jackal zombie (Ossuary)
  5 kobold zombies (Ossuary)
  A leopard gecko skeleton (D:4)
  12 orc zombies (Ossuary)
  9 rats
  2 rat zombies (Ossuary)
523 creatures vanquished.

Vanquished Creatures (collateral kills)
  Josephine (Lair:5)
  2 hydras
  4 death yaks
  An elephant (Lair:3)
  A blink frog (Lair:4)
  7 yaks (Lair:6)
  4 basilisks
  2 water moccasins
  5 wolves (Lair:6)
  A crocodile (Lair:6)
  A wight (D:11)
  A jelly (Lair:6)
  A fungus (Lair:6)
31 creatures vanquished.

Vanquished Creatures (others)
  4 fungi
  4 plants (Lair:4)
  6 spectral weapons
14 creatures vanquished.

Grand Total: 568 creatures vanquished

Notes
Turn   | Place    | Note
-------+----------+-------------------------------------------
     0 | D:1      | tilp the Merfolk Ice Elementalist began the quest for the
                  | Orb.
     0 | D:1      | Reached XP level 1. HP: 13/13 MP: 3/3
   578 | D:1      | Reached XP level 2. HP: 10/19 MP: 5/5
  1007 | D:2      | Learned a level 2 spell: Throw Frost
  1075 | D:2      | Noticed Robin
  1477 | D:2      | Killed Robin
  1477 | D:2      | Reached XP level 3. HP: 18/24 MP: 1/6
  1729 | D:2      | Noticed Sigmund
  1976 | D:2      | Reached skill level 5 in Ice Magic
  1984 | D:2      | Learned a level 3 spell: Ozocubu's Armour
  2231 | D:2      | Reached XP level 4. HP: 23/30 MP: 3/7
  2523 | D:2      | Found a shimmering altar of Xom.
  2969 | D:3      | Reached XP level 5. HP: 36/36 MP: 8/8
  3030 | D:3      | Reached skill level 1 in Fighting
  3684 | D:4      | Noticed a phantom
  3758 | D:4      | Reached XP level 6. HP: 32/46 MP: 6/9
  3783 | D:4      | Found a glowing drain.
  3787 | Sewer    | Entered a sewer
  3928 | Sewer    | Reached skill level 5 in Dodging
  4135 | D:4      | Reached XP level 7. HP: 44/53 MP: 5/10
  4306 | D:4      | Found a runed door.
  4311 | D:4      | Noticed Soeti's ghost (novice VSMo)
  4407 | D:4      | Found a sand-covered staircase.
  4413 | Ossuary  | Entered an ossuary
  4846 | Ossuary  | Reached skill level 1 in Polearms
  4846 | Ossuary  | Reached skill level 1 in Conjurations
  4929 | Ossuary  | Reached skill level 1 in Charms
  5274 | Ossuary  | Reached skill level 2 in Polearms
  5602 | Ossuary  | Reached skill level 3 in Polearms
  5665 | Ossuary  | Reached XP level 8. HP: 55/60 MP: 11/11
  5682 | Ossuary  | Reached skill level 4 in Polearms
  6014 | D:4      | Reached skill level 5 in Polearms
  6510 | D:5      | Entered Level 5 of the Dungeon
  6605 | D:5      | Found Asytene's Assorted Antiques.
  6608 | D:5      | Bought a scroll of identify for 50 gold pieces
  6608 | D:5      | Bought a scroll of identify for 50 gold pieces
  6608 | D:5      | Bought a golden potion for 22 gold pieces
  6608 | D:5      | Bought a murky brown potion for 22 gold pieces
  6608 | D:5      | Bought 2 cyan potions for 45 gold pieces
  6744 | D:5      | Reached skill level 6 in Polearms
  6915 | D:5      | Got a steaming trident
  7008 | D:5      | Reached skill level 7 in Polearms
  7073 | D:6      | Learned a level 4 spell: Throw Icicle
  7077 | D:6      | Learned a level 3 spell: Regeneration
  7099 | D:6      | Noticed Eustachio
  7105 | D:6      | Found Zin's Purification Station.
  7111 | D:6      | Found a glowing silver altar of Zin.
  7156 | D:6      | Noticed Dowan
  7172 | D:6      | Identified the cursed +1 trident "Zaggiaj" {pierce, rPois
                  | rC++ MR+ Str-4} (You found it on level 5 of the Dungeon)
  7173 | D:6      | Noticed Menkaure
  7176 | D:6      | Found a staircase to the Ecumenical Temple.
  7195 | Temple   | Entered the Ecumenical Temple
  7393 | D:6      | Noticed Duvessa
  7476 | D:6      | Killed Menkaure
  7476 | D:6      | Reached skill level 8 in Polearms
  7476 | D:6      | Reached XP level 9. HP: 65/65 MP: 11/15
  7525 | D:6      | Found a sparkling altar of Nemelex Xobeh.
  7639 | D:7      | Noticed a kobold demonologist
  7683 | D:7      | Found a transporter.
  7712 | D:7      | Found a transporter.
  7729 | D:7      | Noticed Harold
  7769 | D:7      | Reached skill level 9 in Polearms
  7823 | D:7      | Noticed Joseph
  8040 | D:7      | Found a deep blue altar of Sif Muna.
  8093 | D:7      | Noticed an orc high priest
  8164 | D:7      | Reached skill level 10 in Polearms
  8196 | D:7      | Reached skill level 5 in Spellcasting
  8316 | D:7      | Killed Joseph
  8506 | D:7      | Found a burning altar of Makhleb.
  8509 | D:7      | Became a worshipper of Makhleb the Destroyer
  8597 | D:7      | Reached skill level 11 in Polearms
  8737 | D:8      | Found a shattered altar of Ashenzari.
  8783 | D:8      | Noticed a two-headed ogre
  9577 | D:9      | Noticed a polar bear
  9577 | D:9      | Noticed a troll
  9615 | D:9      | Noticed a troll
  9671 | D:9      | Noticed a cyclops
  9678 | D:9      | Killed a cyclops
  9678 | D:9      | Reached skill level 12 in Polearms
  9678 | D:9      | Reached XP level 10. HP: 9/71 MP: 1/19
  9977 | D:9      | Noticed Pikel
 10120 | D:9      | Killed Pikel
 10120 | D:9      | Reached skill level 13 in Polearms
 10202 | D:9      | Noticed a two-headed ogre
 10475 | D:9      | Reached skill level 14 in Polearms
 10510 | D:9      | Reached skill level 1 in Invocations
 10822 | D:9      | Reached * piety under Makhleb
 11490 | D:10     | Entered Level 10 of the Dungeon
 11751 | D:10     | Found a white marble altar of Elyvilon.
 11819 | D:10     | Reached skill level 5 in Fighting
 11841 | D:10     | Reached XP level 11. HP: 51/80 MP: 11/20
 12016 | D:10     | Reached skill level 5 in Invocations
 12028 | D:10     | Reached ** piety under Makhleb
 12121 | D:10     | Found a staircase to the Lair.
 12901 | D:11     | Noticed a cyclops
 13156 | D:11     | Noticed Fannar
 13305 | D:11     | Noticed a two-headed ogre
 13380 | Lair:1   | Entered Level 1 of the Lair of Beasts
 13465 | Lair:1   | Noticed a six-headed hydra
 13529 | Lair:1   | Noticed a four-headed hydra
 13549 | Lair:1   | Killed a four-headed hydra
 13549 | Lair:1   | Reached skill level 15 in Polearms
 13708 | Lair:1   | Reached *** piety under Makhleb
 13985 | Lair:1   | Killed a six-headed hydra
 14130 | Lair:1   | Noticed Nergalle
 14166 | Lair:1   | Killed Nergalle
 14486 | Lair:1   | Reached skill level 16 in Polearms
 14486 | Lair:1   | Reached XP level 12. HP: 71/91 MP: 13/21
 14795 | Lair:2   | Found a labyrinth entrance.
 14886 | Lab      | Entered a labyrinth
 15639 | Lab      | Noticed a minotaur
 15659 | Lab      | Killed a minotaur
 15666 | Lab      | Got a slimy chain mail
 15680 | Lab      | Identified the +8 chain mail of Rotation {SInv} (You found
                  | it in a labyrinth)
 16210 | Lair:2   | Noticed an eight-headed hydra
 16233 | Lair:2   | Killed an eight-headed hydra
 16233 | Lair:2   | Reached skill level 10 in Ice Magic
 16754 | Lair:2   | Reached skill level 1 in Evocations
 17217 | Lair:3   | Found a staircase to the Swamp.
 17282 | Lair:3   | Noticed a death yak
 17285 | Lair:3   | Noticed a death yak
 17316 | Lair:3   | Noticed a death yak
 17319 | Lair:3   | Noticed a death yak
 17323 | Lair:3   | Noticed a death yak
 17323 | Lair:3   | Noticed a death yak
 17324 | Lair:3   | Killed a death yak
 17327 | Lair:3   | Killed a death yak
 17350 | Lair:2   | Killed a death yak
 17361 | Lair:2   | Killed a death yak
 17660 | Lair:2   | Killed a death yak
 17660 | Lair:2   | Reached skill level 5 in Evocations
 17704 | Lair:3   | Killed a death yak
 17704 | Lair:3   | Reached XP level 13. HP: 103/103 MP: 16/22
 17909 | Lair:3   | Reached skill level 10 in Fighting
 18300 | Lair:3   | Identified the Compendium of Enhancements
 18354 | Lair:3   | Learned a level 3 spell: Spectral Weapon
 18750 | Lair:4   | Found a hole to the Spider Nest.
 20488 | Lair:4   | Upgraded the game from 0.23-a0-344-ge122d05 to
                  | 0.23-a0-350-g6fd5563
 20573 | Lair:5   | Noticed Josephine
 21745 | Lair:5   | Killed Josephine
 21960 | Lair:6   | Entered Level 6 of the Lair of Beasts
 22690 | Lair:6   | Found a staircase to the Slime Pits.
 22747 | Lair:5   | Reached skill level 5 in Charms
 22943 | Lair:6   | Reached XP level 14. HP: 62/110 MP: 23/26
 24099 | Lair:6   | Reached skill level 10 in Evocations
 24744 | Lair:6   | Got a transparent leather armour
 24747 | Lair:6   | Got a twitching golden ring
 24750 | Lair:6   | Identified the +2 leather armour "Tuita" {MR+ Dex-4 Stlth+}
                  | (You found it on level 6 of the Lair of Beasts)
 24751 | Lair:6   | Identified the ring "Joseague" {rPois rC+++ Str-2 Int+3}
                  | (You found it on level 6 of the Lair of Beasts)
 25067 | D:2      | Killed Sigmund
 25205 | D:4      | Killed Soeti's ghost
 25320 | D:6      | Killed Eustachio
 25392 | D:6      | Killed Duvessa
 25393 | D:6      | Killed Dowan
 25521 | D:11     | Found the +10 zealot's sword {holy, *Rage rN+ EV+3}
 25571 | D:11     | Reached **** piety under Makhleb
 25771 | D:11     | Identified the +6 hand axe of Qyadgh {holy, Int+4 Dex-5}
 26301 | D:11     | Found a staircase to the Orcish Mines.
 26441 | D:11     | Found a roughly hewn altar of Beogh.
 26567 | D:11     | Reached skill level 10 in Spellcasting
 26590 | D:11     | Noticed a storm dragon
 26601 | D:11     | HP: 2/110 [storm dragon (5)]
 26602 | D:11     | Killed from afar by a storm dragon

Vault maps used:
D:1:      dpeg_arrival_renting, minmay_misc_feat_alley
D:2:      lemuel_crystal_altar, minmay_tetromino_l4, uniq_robin, uniq_sigmund
D:4:      nicolae_ossuary_entry_plus, ebering_ghost_reflecting_pool,
          gup_sewer_entry_bowl
D:5:      first_ration, serial_shops, kennysheep_mini_moat
D:6:      zin_purify, nemelex_xobeh_ov_fountains_minmay,
          minmay_temple_entry_grid, uniq_eustachio, uniq_menkaure, uniq_duvessa
D:7:      gammafunk_wand_slinger, lemuel_blue_sif_altar, lemuel_doored_altar,
          item_on_display_a, uniq_joseph, uniq_harold
D:8:      overflow_temple_1_default
D:9:      serial_ice, serial_ice_h, serial_ice_d, serial_ice_b, serial_ice_m,
          grunt_pizzeria, uniq_pikel
D:10:     lair_entry_dummy, elyvilon_altar_5
D:11:     minmay_the_grid_square_5x5_4x4_mashed, minmay_orc_entry_temple_small,
          serial_shops, shop, uniq_fannar
Temple:   eino_temple_scatter_basement
Lair:1:   uniq_nergalle
Lair:2:   lab_entry_generic
Lair:3:   swamp_mist, bh_chokoban
Lair:4:   dummy_spider_entry, kilobyte_rumbling_trees
Lair:5:   lemuel_fruit_fields, uniq_josephine
Lair:6:   evilmike_catoblepas_cave, minmay_slime_entry_pillars, minivault_25,
          hangedman_lair_generics_rect, serial_bayou_shore_b
Lab:      lab_statue, nicolae_lab_flowing_pool, lab_block, nicolae_lab_quarters,
          labyrinth_lava_lair
Sewer:    sewer_co_15_rooms
Ossuary:  ossuary_tomb_1

Skill      XL: |  1  2  3  4  5  6  7  8  9 10 11 12 13 14 |
---------------+-------------------------------------------+-----
Ice Magic      | 4 5 6 7 10 12 | 12.0
Dodging        | 4 5 6 7 8 |  8.0
Fighting       | 2 3 4 5 7 9 10 | 10.0
Polearms       | 3 8 12 14 16 | 16.0
Conjurations   | 1 2 |  2.0
Charms         | 1 4 5 8 |  8.1
Spellcasting   | 4 6 8 10 | 10.0
Invocations    | 4 6 |  6.1
Evocations     | 5 9 10 | 10.0
Stealth        | |  2.1
Hexes          | |  0.1

Action                   |  1- 3 |  4- 6 |  7- 9 | 10-12 | 13-15 || total
-------------------------+-------+-------+-------+-------+-------++-------
Melee: Dagger            |    12 |     4 |       |       |       ||    16
       Whip              |       |   205 |   227 |       |       ||   432
       Tailslap          |       |     2 |       |       |       ||     2
       Trident           |       |       |   316 |   744 |   755 ||  1815
Throw: Stone             |       |       |     4 |       |       ||     4
       Tomahawk          |       |       |       |     7 |     1 ||     8
       Javelin           |       |       |       |       |     9 ||     9
 Cast: Freeze            |    51 |    47 |    43 |    25 |    50 ||   216
       Ozocubu's Armour  |       |     2 |    14 |    62 |    63 ||   141
       Throw Frost       |       |     2 |    10 |    40 |    43 ||    95
       Throw Icicle      |       |       |     3 |    15 |    22 ||    40
       Regeneration      |       |       |       |     9 |    12 ||    21
       Spectral Weapon   |       |       |       |       |    27 ||    27
Invok: Minor Destruction |       |       |       |     2 |       ||     2
       Lesser Servant of |       |       |       |    11 |    18 ||    29
Evoke: Lamp of fire      |       |       |       |       |     2 ||     2
  Use: Scroll            |     8 |     5 |    13 |    14 |     7 ||    47
       Potion            |       |       |     9 |     6 |     4 ||    19
 Stab: Sleeping          |     2 |     6 |     3 |     6 |     6 ||    23
       Invisible         |       |       |       |     4 |       ||     4
       Distracted        |       |       |       |     3 |    11 ||    14
       Petrified         |       |       |       |       |    12 ||    12
       Petrifying        |       |       |       |       |     1 ||     1
  Eat: Chunk             |     5 |     7 |    14 |    24 |    24 ||    74
       Ration            |       |       |     2 |     4 |     2 ||     8
Armor: Robe              |     7 |    59 |   144 |   163 |   212 ||   585
Dodge: Dodged            |    33 |   177 |   386 |   400 |   392 ||  1388
Block: Other             |       |    22 |    30 |    30 |    26 ||   108
       Reflection        |       |     2 |     1 |       |     1 ||     4

Table legend:
 A = Non-vault XP
 B = Vault XP
 C = Vault XP percentage of total XP
 D = Non-vault monster count
 E = Vault monster count
 F = Vault count percentage of total count
                 A         B        C        D         E       F
            +---------+---------+-------+---------+---------+-------
      Total |   51087 |   30968 |  37.7 |     361 |     188 |  34.2
            +---------+---------+-------+---------+---------+-------
        D:1 |      15 |       1 |   6.2 |      10 |       1 |   9.1
        D:2 |     114 |     256 |  69.2 |      30 |       9 |  23.1
        D:3 |     276 |       0 |   0.0 |      33 |       0 |   0.0
        D:4 |     541 |     458 |  45.8 |      25 |       4 |  13.8
        D:5 |     608 |       0 |   0.0 |      17 |       0 |   0.0
        D:6 |     127 |     601 |  82.6 |       4 |       4 |  50.0
        D:7 |    1145 |     412 |  26.5 |      20 |       1 |   4.8
        D:8 |    1098 |     309 |  22.0 |      17 |       2 |  10.5
        D:9 |    2533 |     897 |  26.2 |      15 |       6 |  28.6
       D:10 |    2685 |       0 |   0.0 |      29 |       0 |   0.0
       D:11 |    4472 |    6469 |  59.1 |      39 |      42 |  51.9
     Lair:1 |    4540 |     820 |  15.3 |      13 |       1 |   7.1
     Lair:2 |    6074 |       0 |   0.0 |      20 |       0 |   0.0
     Lair:3 |    8270 |     124 |   1.5 |      28 |       1 |   3.4
     Lair:4 |    5971 |     902 |  13.1 |      21 |       6 |  22.2
     Lair:5 |    3316 |    1832 |  35.6 |       8 |       6 |  42.9
     Lair:6 |    8101 |   15815 |  66.1 |      31 |      35 |  53.0
        Lab |    1201 |    1391 |  53.7 |       1 |      12 |  92.3
      Sewer |       0 |     163 | 100.0 |       0 |      20 | 100.0
    Ossuary |       0 |     518 | 100.0 |       0 |      38 | 100.0
            +---------+---------+-------+---------+---------+-------
